Map: Bel'Shir Vestige LE (Void)

Players

aAaMiNiMaTh (MiNiMaTh) - Winner!

  • Race: Zerg Zerg
  • Spawn Location: 11:00

TestingZero (Thalandros)

  • Race: Zerg Zerg
  • Spawn Location: 5:00

Event: IEM XI Katowice - World Championship 2017

VOD

Have the link to the VOD?

Description

Time

  • Played on: Feb. 28, 2017, 8:43 a.m.
  • Length: 7:44

All games in this series

Show
View Real Time Build Order
Export as new Build Order

aAaMiNiMaTh Zerg - Winner!

Build Orders: Pool First 

Get SALT Encoding   

  12  0:00  Drone  
  13  0:12  Overlord  
  13  0:17  Drone  
  14  0:30  Drone x2  
  14  0:35  Drone  
  17  0:48  Spawning Pool  
  17  0:49  Extractor, Drone  
  16  0:55  Drone  
  17  1:07  Drone  
  18  1:22  Drone  
  18  1:23  Hatchery  
  18  1:34  Queen  
  18  1:36  Zergling x2  
  21  1:41  Overlord  
  21  1:49  Metabolic Boost  
  21  1:52  Drone  
  23  2:01  Zergling x2  
  23  2:11  Baneling Nest  
  23  2:12  Queen  
  25  2:15  Drone  
  25  2:23  Zergling x2  
  26  2:35  Drone x2  
  28  2:42  Drone  
  28  2:43  Drone x2  
  32  2:44  Drone  
  32  2:45  Drone  
  33  2:55  Baneling  
  33  2:57  Overlord  
  33  2:58  Drone  
  34  3:06  Drone  
  34  3:09  Drone  
  36  3:16  Hatchery  
  35  3:22  Zergling x6  
  35  3:23  Zergling x2  
  35  3:24  Zergling x2  
  35  3:26  Zergling x2  
  38  3:28  Zergling x2  
  39  3:38  Zergling x6  
  42  3:42  Baneling x2  
  42  3:44  Overlord  
  42  3:52  Drone  
  42  3:54  Overlord  
  43  4:01  Queen  
  43  4:02  Drone x4  
  49  4:03  Drone  
  49  4:05  Drone  
  51  4:10  Drone  
  51  4:12  Drone  
  52  4:20  Extractor  
  52  4:21  Overlord  
  52  4:24  Evolution Chamber  
  50  4:27  Drone x3  
  50  4:28  Drone x3  
  50  4:29  Drone  
  57  4:33  Drone  
  57  4:34  Extractor  
  57  4:38  Lair  
  56  4:43  Drone  
  57  4:48  Roach Warren, Drone  
  57  4:50  Drone x2  
  59  4:53  Overlord  
  59  5:06  Drone x2  
  61  5:07  Overlord x3  
  61  5:17  Unknown  
  61  5:18  Zerg Missile Weapons Level 1  
  61  5:29  Roach  
  61  5:30  Roach x8  
  61  5:31  Roach  
  61  5:34  Roach x2  
  84  5:37  Glial Reconstitution  
  84  5:46  Roach x4  
  92  5:50  Roach x2  
  92  5:55  Roach x2  
  99  6:00  Roach  
  99  6:01  Roach  
  102  6:07  Overseer  
  102  6:15  Overlord x4  
  102  6:17  Roach  
  104  6:23  Drone  
  104  6:35  Roach x6  
  104  6:36  Roach x4  
  104  6:38  Roach  
  126  6:43  Roach  
  126  6:45  Roach  
  127  6:51  Roach x2  
  131  7:00  Overlord x3  
  131  7:01  Extractor, Drone x4  
  132  7:02  Drone  
  135  7:10  Drone x2  
  135  7:11  Drone  
  135  7:13  Overlord  
  135  7:14  Extractor  
  137  7:16  Drone  
Show
View Real Time Build Order
Export as new Build Order

TestingZero Zerg 

Build Orders: Hatch First 

Get SALT Encoding   

  12  0:00  Drone  
  13  0:13  Overlord  
  13  0:17  Drone  
  14  0:33  Drone x2  
  16  0:43  Drone  
  17  0:54  Hatchery  
  16  0:58  Drone  
  17  1:12  Spawning Pool  
  17  1:16  Drone  
  17  1:27  Extractor, Drone x2  
  18  1:37  Drone  
  19  1:51  Overlord  
  19  1:59  Queen  
  21  2:02  Zergling x2  
  21  2:07  Zergling x2  
  23  2:11  Baneling Nest  
  23  2:12  Queen  
  24  2:16  Drone x2  
  24  2:21  Drone  
  27  2:28  Drone x2  
  29  2:42  Drone  
  29  2:44  Zergling x2  
  31  2:49  Zergling x2  
  32  2:52  Spine Crawler  
  32  2:54  Drone  
  32  2:57  Baneling  
  32  3:00  Zergling x2  
  32  3:03  Drone  
  34  3:07  Drone  
  35  3:14  Baneling  
  35  3:20  Queen  
  35  3:28  Evolution Chamber  
  35  3:31  Roach Warren, Drone x2  
  35  3:32  Drone  
  35  3:33  Evolution Chamber  
  35  3:40  Overlord  
  35  3:43  Lair  
  35  3:46  Drone  
  36  3:56  Zerg Missile Weapons Level 1  
  36  4:00  Drone x2  
  36  4:01  Drone x2  
  40  4:11  Roach, Baneling  
  40  4:12  Roach  
  44  4:20  Overlord x2  
  44  4:21  Extractor  
  44  4:23  Extractor  
  42  4:33  Roach  
  42  4:34  Overlord  
  44  4:44  Drone x2  
  46  4:47  Drone x4  
  51  4:52  Drone  
  51  4:53  Drone  
  51  4:56  Overseer  
  52  5:03  Glial Reconstitution  
  52  5:09  Drone x2  
  52  5:10  Overlord  
  54  5:15  Roach x3  
  54  5:18  Overlord  
  60  5:29  Roach x4  
  68  5:39  Drone x2  
  70  5:43  Hatchery  
  70  5:45  Overlord  
  68  6:00  Roach x3  
  68  6:01  Overlord  
  74  6:07  Roach x3  
  80  6:15  Hatchery  
  80  6:17  Roach x2  
  83  6:26  Baneling x2  
  83  6:31  Roach x4  
  83  6:32  Overlord  
  91  6:51  Roach x3  
  97  7:01  Overlord  
  97  7:02  Roach  
  97  7:05  Overlord  
  97  7:08  Hatchery  
  98  7:12  Roach  
  98  7:13  Overlord  

Tags
 
Add a new tag
Caveats
  • Supply blocks, unpowered buildings, or Contaminate may cause inaccurate times.
  • Supply counts are checked every 10 seconds.